[Event "Snabb-SM för veteraner, 65+ 2019"]
[Site "Schackcentrum, Vegagatan 20, Gothenburg, Sweden"]
[Date "2019.10.05"]
[Round "1.1"]
[White "Wahlstrom, Lennart"]
[Black "Westergren, Bertil"]
[Result "1-0"]
[TimeControl "15 minutes + 10 seconds per move from move one"]
[WhiteFideId "1706829"]
[BlackFideId "1712012"]
[WhiteElo "2109"]
[BlackElo "1862"]

1. e4 c6 2. d4 d5 3. exd5 cxd5 4. c4 e6 5. Nc3 Nf6 6. Nf3 dxc4 7. Bxc4 Be7 8. O-O O-O 9. Re1 a6 10.
Bg5 b5 11. Bb3 Bb7 12. Ne5 b4 13. Na4 Nd5 14. Bxe7 Qxe7 15. Nc5 Rd8 16. Nxb7 Qxb7 17. Qf3 Nc6 18. Rad1 Rac8 19. Re2 Nf6 20.
Nxc6 Qxc6 21. Qxc6 Rxc6 22. f3 Rcd6 23. Red2 Nd5 24. Kf2 a5 25. Rc2 Nb6 26. a4 g6 27. Rc5 Rxd4 28. Rxd4 Rxd4 29.
Ke3 Rh4 30. h3 Rh5 31. Rxh5 gxh5 32. Kd4 Nd7 33. Kc4 Ne5+ 34. Kb5 Nd3 35. Kxa5 Nxb2 36. Kxb4 Nxa4 37. Bxa4 Kg7 38. Kc4 Kf6 39.
Kd4 Kf5 40. Ke3 h4 41. Bc2+ Kg5 42. Bxh7 f5 43. Bg8 e5 44. f4+ exf4+ 45. Kf3 1-0

[Event "Snabb-SM för veteraner, 65+ 2019"]
[Site "Schackcentrum, Vegagatan 20, Gothenburg, Sweden"]
[Date "2019.10.05"]
[Round "1.2"]
[White "Franzen, Thomas"]
[Black "Andersson, Kaj"]
[Result "0-1"]
[TimeControl "15 minutes + 10 seconds per move from move one"]
[WhiteFideId "1706039"]
[BlackFideId "1709860"]
[WhiteElo "1860"]
[BlackElo "2083"]

1. d4 d5 2. Bf4 e6 3. Nf3 Bd6 4. Bg3 Nf6 5. e3 O-O 6. Bd3 a6 7. Nbd2 b5 8. Ne5 Bb7 9. O-O Nbd7 10.
f4 Ne4 11. Bxe4 dxe4 12. Qg4 f5 13. Qh3 Nf6 14. c4 Qe8 15. Be1 c5 16. Rc1 cxd4 17. exd4 Rd8 18. Nb3 bxc4 19. Nxc4 Be7 20.
Ne5 Nd5 21. Nc5 Bc8 22. Ba5 Rd6 23. Nc4 Rc6 24. Ne5 Rxc5 25. dxc5 Qb5 26. Qa3 Bb7 27. b4 Bc6 28. Qb3 Rf6 29.
Nxc6 Qxc6 30. a4 Rg6 31. Kh1 e3 32. Qc2 Nc3 33. Rf3 Bf6 34. Rxe3 Ne4 35. Rd1 h5 36. Bd8 h4 37. Bxf6 Nxf6 38.
Rd6 Qb7 39. Rb6 Qd5 40. h3 Ne4 41. Rxa6 Qd4 42. Re1 Nf2+ 43. Kh2 Qxf4+ 44. Kg1 Nxh3+ 45. Kh1 Nf2+ 46. Kg1 h3 47. Qxf2 h2+ 0-1

[Event "Snabb-SM för veteraner, 65+ 2019"]
[Site "Schackcentrum, Vegagatan 20, Gothenburg, Sweden"]
[Date "2019.10.05"]
[Round "1.3"]
[White "Dolata, Henryk"]
[Black "Nilsson, Weine"]
[Result "1-0"]
[TimeControl "15 minutes + 10 seconds per move from move one"]
[WhiteFideId "1709046"]
[BlackFideId "1716727"]
[WhiteElo "2064"]
[BlackElo "1847"]

1. e4 c5 2. c3 Nf6 3. e5 Nd5 4. d4 e6 5. Nf3 d6 6. a3 dxe5 7. dxe5 Be7 8. Bd3 Nc6 9. O-O O-O 10.
Qe2 a6 11. Rd1 Qc7 12. c4 Nb6 13. Qe4 g6 14. Nc3 Na5 15. Bg5 Bxg5 16. Nxg5 Qe7 17. Qh4 h5 18. Nce4 Kg7 19. Rac1 Nd7 20.
f4 Nb3 21. Rc3 Nd4 22. Bf1 Nf5 23. Qf2 b6 24. Rcd3 b5 25. cxb5 axb5 26. Nd6 Nxe5 27. fxe5 Qxg5 28. Qxc5 Nxd6 29. Rxd6 Bb7 30. Qxb5 Bd5 31.
Qe2 Rab8 32. b4 Rbc8 33. Rd4 Rc3 34. Qd2 Re3 35. b5 Qxe5 36. Rd7 Rxa3 37. b6 Rb8 38. Rb4 Ra2 39. Qf4 Qxf4 40.
Rxf4 Kh6 41. Rfxf7 Kg5 42. g3 Rxb6 43.
Rf4 Rb1 44. h4+ Kh6 45. Rf2 Raa1 46. Rff7 g5 47. Rf6# 1-0

[Event "Snabb-SM för veteraner, 65+ 2019"]
[Site "Schackcentrum, Vegagatan 20, Gothenburg, Sweden"]
[Date "2019.10.05"]
[Round "1.4"]
[White "Svensson, Soren"]
[Black "Stroem, Leif"]
[Result "0-1"]
[TimeControl "15 minutes + 10 seconds per move from move one"]
[WhiteFideId "1714937"]
[BlackFideId "1709410"]
[WhiteElo "1845"]
[BlackElo "2014"]

1. d4 g6 2. c4 Bg7 3. Nc3 d6 4. e4 e5 5. d5 f5 6. Bd3 f4 7. Rb1 Nf6 8. b4 Nbd7 9. Nf3 O-O 10.
Qb3 h6 11. h4 Rf7 12. Bd2 a6 13. Na4 b6 14. Rc1 Bf8 15. Nc3 Be7 16. a4 Rg7 17. Ra1 g5 18. hxg5 hxg5 19. O-O-O Nh7 20. g3 Ndf6 21. Rdg1 Bg4 22.
Nh2 Bd7 23. g4 c5 24. b5 axb5 25. cxb5 Qc7 26. f3 Be8 27. Nb1 Qa7 28. Bc2 c4 29. Qb4 Bf8 30. Na3 Rc7 31. Kb2 Rac8 32.
Bc3 Nd7 33. Nf1 Nc5 34. Nd2 Nd3+ 35. Bxd3 cxd3 36. Rc1 Bg6 37. Rhd1 Ra8 38. Ndc4 Nf6 39. Rxd3 Qb8 40. Be1 Rca7 41.
Kb3 Rxa4 42. Qxa4 Rxa4 43. Kxa4 Bxe4 44. fxe4 Nxe4 45. Bb4 Nf6 46. Rh1 Nxd5 47. Rdh3 Bg7 48. Bxd6 Qa8+ 49. Kb3 e4 50. Be5 Nf6 51. Nd6 Qd5+ 52. Ndc4 f3 53. Bxf6 Bxf6 54.
Rh6 Bg7 55. Rxb6 e3 56. Rd6 Qf7 57.
Ka4 f2 58. Rd8+ Bf8 59. Nxe3 Qa7+ 60. Kb3 Qxe3+ 61. Kc4 Qe4+ 0-1

[Event "Snabb-SM för veteraner, 65+ 2019"]
[Site "Schackcentrum, Vegagatan 20, Gothenburg, Sweden"]
[Date "2019.10.05"]
[Round "1.5"]
[White "Przysuski, Feliks"]
[Black "Degerfeldt, Sven"]
[Result "0-1"]
[TimeControl "15 minutes + 10 seconds per move from move one"]
[WhiteFideId "1712489"]
[BlackFideId "1717430"]
[WhiteElo "2008"]
[BlackElo "1822"]

1. e4 c5 2. Nf3 d6 3. d4 cxd4 4. Nxd4 Nf6 5. Nc3 a6 6. Be2 e6 7.
Be3 Qc7 8. O-O b5 9. a3 Bb7 10. f3 Be7 11. Qd2 Nbd7 12. Kh1 O-O 13. Bd3 Rac8 14. Rae1 Nb6 15. Nde2 Nc4 16. Bxc4 Qxc4 17.
Rd1 Rfd8 18. Qd4 Qxd4 19. Nxd4 d5 20. exd5 Nxd5 21. Nxd5 Bxd5 22. c3 Bc4 23. Rf2 e5 0-1

[Event "Snabb-SM för veteraner, 65+ 2019"]
[Site "Schackcentrum, Vegagatan 20, Gothenburg, Sweden"]
[Date "2019.10.05"]
[Round "1.6"]
[White "Wahlstedt, Mats"]
[Black "Fransson, Lennart"]
[Result "0-1"]
[TimeControl "15 minutes + 10 seconds per move from move one"]
[WhiteFideId "1712250"]
[BlackFideId "1706756"]
[WhiteElo "1821"]
[BlackElo "1983"]

1. e4 c6 2. Nf3 d5 3. exd5 cxd5 4. Ne5 a6 5. d4 Nf6 6. Bd3 g6 7. O-O Bg7 8. Re1 O-O 9. Nd2 Nc6 10. c3 Nxe5 11. dxe5 Ng4 12.
Nf3 f6 13. e6 Qd6 14. h3 Ne5 15. Nd4 Nc6 16. Qe2 Nxd4 17. cxd4 f5 18. Qe3 f4 19. Qd2 Bxe6 20. Qe2 Rf6 21.
Qe5 Qxe5 22. dxe5 Rff8 23. Bd2 Rac8 24. Rac1 Rxc1 25. Bxc1 Bf5 26. Bf1 g5 27. Bd2 Rc8 28. Bc3 e6 29.
Be2 Bf8 30. Bd1 Bg6 31. Bb3 Kf7 32. Rd1 b5 33. a3 Ke8 34. Kf1 Kd7 35. Ke1 Bc5 36. Rd2 Kc6 37. Kd1 Kb6 38. Bd4 Bxd4 39. Rxd4 Rf8 40. Rd2 Rf5 41.
Re2 f3 42. gxf3 Rxf3 43. Re3 Rxf2 44. Bxd5 exd5 45. e6 Rf4 0-1

[Event "Snabb-SM för veteraner, 65+ 2019"]
[Site "Schackcentrum, Vegagatan 20, Gothenburg, Sweden"]
[Date "2019.10.05"]
[Round "1.7"]
[White "Olsson, Tomas"]
[Black "Olesen, Christer"]
[Result "0-1"]
[TimeControl "15 minutes + 10 seconds per move from move one"]
[WhiteFideId "1702696"]
[BlackFideId "1739069"]
[WhiteElo "1973"]
[BlackElo "1809"]

1. e4 c6 2. Nf3 d5 3. exd5 cxd5 4. Ne5 Nf6 5. d4 Nc6 6. Bb5 Qb6 7. Nc3 Bf5 8. g4 Bd7 9. Nxd7 Nxd7 10. Nxd5 Qd8 11. Be3 e6 12.
Nc3 Bd6 13. Qd2 O-O 14. O-O-O a6 15. Bd3 Rc8 16. Kb1 Bb4 17. Qe1 Na5 18. Bd2 Nc4 19. Bxc4 Rxc4 20. Ne4 Bxd2 21. Qxd2 Nb6 22.
g5 Qd5 23. h4 Qxe4 0-1

[Event "Snabb-SM för veteraner, 65+ 2019"]
[Site "Schackcentrum, Vegagatan 20, Gothenburg, Sweden"]
[Date "2019.10.05"]
[Round "1.8"]
[White "Nyberg, Bo"]
[Black "Landin, Bo"]
[Result "0-1"]
[TimeControl "15 minutes + 10 seconds per move from move one"]
[WhiteFideId "1710583"]
[BlackFideId "1705261"]
[WhiteElo "1806"]
[BlackElo "1959"]

1. d4 e6 2. Bf4 d5 3. e3 Bd6 4. Bg3 Nf6 5. Nf3 O-O 6. Nbd2 c6 7. Bd3 Qc7 8. c3 Nbd7 9. Bxd6 Qxd6 10.
O-O e5 11. e4 Re8 12. dxe5 Nxe5 13. Nxe5 Qxe5 14. f4 Qc7 15. e5 Ng4 16. Qb3 Qb6+ 17. Qxb6 axb6 18. a3 c5 19. Rae1 c4 20.
Bc2 b5 21. h3 Nh6 22. Nf3 Bf5 23. Bxf5 Nxf5 24. Nd4 Nxd4 25. cxd4 Ra6 26. Re3 Rb6 27. b3 Ra8 28. bxc4 bxc4 29.
f5 Raa6 30. Kh2 Rb2 31. e6 Kf8 32. e7+ Ke8 33. Re5 Ra5 34. Rc1 Rbb5 35. a4 Rxa4 36. Rc2 0-1

[Event "Snabb-SM för veteraner, 65+ 2019"]
[Site "Schackcentrum, Vegagatan 20, Gothenburg, Sweden"]
[Date "2019.10.05"]
[Round "1.9"]
[White "Nordstrom, Per-Olov"]
[Black "Westerlind, Sture"]
[Result "1/2-1/2"]
[TimeControl "15 minutes + 10 seconds per move from move one"]
[WhiteFideId "1714317"]
[BlackFideId "1745654"]
[WhiteElo "1940"]
[BlackElo "1806"]

1. e4 d5 2. exd5 Qxd5 3. Nc3 Qa5 4. Bc4 Nf6 5. Nge2 Bf5 6. d3 e6 7. Bd2 c6 8. O-O Be7 9. Ng3 Bg6 10.
Re1 O-O 11. Nd5 Qd8 12. Nxe7+ Qxe7 13. a3 Rd8 14. Qf3 Qc7 15. Bf4 Qb6 16. Bb3 Nbd7 17. Be3 Qc7 18. Bd4 Rac8 19. Qe2 Re8 20.
Bc3 Qf4 21. Qe3 Qxe3 22. fxe3 b6 23. e4 Nc5 24. Bc4 Nfd7 25. d4 Na4 26. Bb3 Nxc3 27. bxc3 c5 28. Ba4 Red8 29. d5 exd5 30.
exd5 Nf6 31. c4 a6 32. Rad1 b5 33. cxb5 axb5 34. Bxb5 Bxc2 35. Rd2 Bb3 36. d6 c4 37. d7 Rb8 38.
Rde2 Kf8 39. Bc6 Nxd7 40. Nf5 Nf6 41. a4 g6 42. Nh6 Kg7 43. Nxf7 Kxf7 44. Re7+ Kf8 45. R7e6 Nh5 46. Rf1+ Kg7 47.
Re7+ Kh6 48. Rff7 Rd1+ 49. Kf2 Rh8 50. g4 Rd2+ 51. Ke3 Rd3+ 52. Ke4 Ng3+ 53. hxg3 Rxg3 54. Kf4 Rg1 55. Rxh7+ Rxh7 56. g5+ Rxg5 57.
Rxh7+ Kxh7 58. Kxg5 c3 59.
Be4 c2 60. Bxg6+ Kg7 1/2-1/2

[Event "Snabb-SM för veteraner, 65+ 2019"]
[Site "Schackcentrum, Vegagatan 20, Gothenburg, Sweden"]
[Date "2019.10.05"]
[Round "2.1"]
[White "Landin, Bo"]
[Black "Wahlstrom, Lennart"]
[Result "1/2-1/2"]
[TimeControl "15 minutes + 10 seconds per move from move one"]
[WhiteFideId "1705261"]
[BlackFideId "1706829"]
[WhiteElo "1959"]
[BlackElo "2109"]

1. e4 e5 2. Nf3 Nc6 3. Bb5 a6 4. Ba4 Nf6 5. O-O Be7 6. Re1 b5 7. Bb3 O-O 8. c3 d5 9. d3 dxe4 10.
dxe4 Qxd1 11. Rxd1 Bg4 12. Nbd2 Rad8 13. Re1 Bc5 14. h3 Bh5 15. Nf1 Bxf3 16. gxf3 Nh5 17. Bg5 Rd3 18. Kg2 h6 19.
Be3 Bxe3 20. fxe3 Rfd8 21. Rad1 Ne7 22. Rxd3 Rxd3 23. Rd1 Rxd1 24. Bxd1 Nf6 25. Nd2 Kf8 26. c4 Ke8 27. cxb5 axb5 28. a4 bxa4 29. Bxa4+ Kd8 30. Nc4 Ng6 31. b4 Nd7 32. Bc6 f6 33.
b5 Nc5 34. Kg3 Nd3 35. Bd5 Ne7 36. f4 exf4+ 37. exf4 Nxd5 38. exd5 Nb4 39. d6 Nc2 40. b6 cxb6 41. Nxb6 Ne3 42.
Kf3 Nf5 43. d7 g6 44. Ke4 Ne7 45. h4 g5 46. fxg5 fxg5 47. hxg5 hxg5 48. Kf3 Nc6 49. Kg4 Ne5+ 50. Kxg5 Nxd7 1/2-1/2

[Event "Snabb-SM för veteraner, 65+ 2019"]
[Site "Schackcentrum, Vegagatan 20, Gothenburg, Sweden"]
[Date "2019.10.05"]
[Round "2.2"]
[White "Andersson, Kaj"]
[Black "Green, Per"]
[Result "1/2-1/2"]
[TimeControl "15 minutes + 10 seconds per move from move one"]
[WhiteFideId "1709860"]
[BlackFideId "1703811"]
[WhiteElo "2083"]
[BlackElo "1923"]

1. e4 c5 2. Nf3 e6 3. d4 cxd4 4. Nxd4 Nc6 5. Be3 a6 6. c3 Qc7 7. Bd3 Nf6 8. Nd2 Ne5 9. Be2 b5 10.
f4 Nc4 11. Nxc4 bxc4 12. Bf3 Bb7 13. Qc2 h5 14. Rd1 Ng4 15. Bc1 Be7 16. O-O g5 17. g3 gxf4 18. gxf4 Rg8 19. Kh1 Bd6 20.
e5 Bc5 21. Qe2 Bb6 22. Bxb7 Qxb7+ 23. Qf3 O-O-O 24. h3 Nh6 25. Qxb7+ Kxb7 26. Be3 Rg3 27. Bf2 Rxh3+ 28. Kg2 Rd3 29.
Rxd3 cxd3 30. Rd1 Rg8+ 31. Kf3 Bxd4 32. cxd4 Rc8 33. Rxd3 Rc2 34. Rb3+ Ka8 35. Rb6 Rc6 36. Rxc6 dxc6 37.
b4 Nf5 38. Bg1 Kb7 39. Ke4 Kc7 40. Bf2 Kd7 41. Bg1 Ke7 42. Bf2 Kd7 43. Bg1 Kc7 44. Bf2 Kd7 45. Bg1 Kc7 46. d5 Kb6 1/2-1/2

[Event "Snabb-SM för veteraner, 65+ 2019"]
[Site "Schackcentrum, Vegagatan 20, Gothenburg, Sweden"]
[Date "2019.10.05"]
[Round "2.3"]
[White "Degerfeldt, Sven"]
[Black "Dolata, Henryk"]
[Result "0-1"]
[TimeControl "15 minutes + 10 seconds per move from move one"]
[WhiteFideId "1717430"]
[BlackFideId "1709046"]
[WhiteElo "1822"]
[BlackElo "2064"]

1. d4 e6 2. c4 d5 3. Nc3 Nf6 4. Nf3 Be7 5. Bf4 O-O 6. e3 b6 7. cxd5 Nxd5 8. Nxd5 exd5 9. a3 c5 10. Be2 Nc6 11. O-O Bb7 12. dxc5 bxc5 13. Qc2 Rc8 14.
Rfd1 Qb6 15. Rab1 Rfd8 16. Bd3 g6 17. Qc3 d4 18. Qe1 Bf6 19. e4 Bg7 20. Nd2 Na5 21. b3 Ba6 22. Nc4 Nxc4 23.
bxc4 Qe6 24. Qe2 Be5 25. Bxe5 Qxe5 26. g3 Rb8 27. f4 Qc7 28. e5 Bc8 29. Be4 Be6 30. Qd3 Qd7 31. Rb3 Qa4 32. Rxb8 Rxb8 33. Bd5 Rb3 34. Qe4 Rxg3+ 35. hxg3 Qxd1+ 36. Kf2 Qd2+ 37. Kg1 Qc1+ 38. Kf2 Qxa3 39. Bxe6 fxe6 40. Qa8+ Kg7 41. Qb7+ Kh6 42. Qe7 Qb2+ 43. Kf3 Qb3+ 44. Kg2 Qc2+ 45. Kf3 Qd3+ 46. Kg2 Qe4+ 47.
Kh2 Qf5 48. Qxc5 d3 49. Qe3 a5 50. c5 Qh5+ 51. Kg2 Qd1 52. f5+ g5 53. f6 Qc2+ 54. Kh3 d2 55. f7 Qf5+ 56. g4 Qf1+ 57. Kh2 d1=Q 58. Qh3+ Qxh3+ 59. Kxh3 Qf3+ 60. Kh2 Qxf7 0-1

[Event "Snabb-SM för veteraner, 65+ 2019"]
[Site "Schackcentrum, Vegagatan 20, Gothenburg, Sweden"]
[Date "2019.10.05"]
[Round "2.4"]
[White "Stroem, Leif"]
[Black "Olesen, Christer"]
[Result "1-0"]
[TimeControl "15 minutes + 10 seconds per move from move one"]
[WhiteFideId "1709410"]
[BlackFideId "1739069"]
[WhiteElo "2014"]
[BlackElo "1809"]

1. c4 c6 2. g3 d5 3. Bg2 Nf6 4. Nf3 Bf5 5. O-O e6 6. b3 g6 7. Bb2 Bg7 8. d3 Nbd7 9. Nbd2 Bg4 10.
h3 Bxf3 11. Nxf3 O-O 12. Qc2 Rc8 13. Rad1 Re8 14. e4 Nb6 15. c5 Na8 16. e5 Nd7 17. d4 Nc7 18. Bc1 f6 19. Rfe1 fxe5 20.
dxe5 Rf8 21. b4 Qe8 22. Bf4 Qe7 23. h4 Rf5 24. Bh3 Rff8 25. Rd3 h6 26. Qc1 Kh7 27. Kg2 Rf7 28. a4 Rcf8 29.
Re2 a6 30. Rb3 Rxf4 31. gxf4 Rxf4 32. Qxf4 1-0

[Event "Snabb-SM för veteraner, 65+ 2019"]
[Site "Schackcentrum, Vegagatan 20, Gothenburg, Sweden"]
[Date "2019.10.05"]
[Round "2.5"]
[White "Fransson, Lennart"]
[Black "Olsson, Torgny"]
[Result "1-0"]
[TimeControl "15 minutes + 10 seconds per move from move one"]
[WhiteFideId "1706756"]
[BlackFideId "1717340"]
[WhiteElo "1983"]
[BlackElo "1716"]

1. c4 Nf6 2. g3 g6 3. Bg2 Bg7 4. Nc3 d6 5. d3 O-O 6. e4 e5 7. Nge2 c6 8. O-O Bg4 9. h3 Be6 10.
f4 exf4 11. gxf4 Qd7 12. f5 gxf5 13. Bg5 Ne8 14. exf5 Bxf5 15. Rxf5 Qxf5 16. Be7 Nf6 17. Bxf8 Kxf8 18. Ng3 Qg6 19.
Qf3 Nbd7 20. d4 Re8 21. Nf5 Nh5 22. Ne4 Ndf6 23. Nexd6 Re6 24. Nxb7 Ne4 25. Rd1 Nhg3 26. Nxg3 Nxg3 27.
Nc5 Rf6 28. Nd7+ Kg8 29. Nxf6+ Bxf6 30. d5 cxd5 31. cxd5 Bxb2 32. Qg4 Qxg4 33. hxg4 Ne2+ 34. Kf2 Nf4 35. d6 Bf6 36. d7 Bd8 37. Kg3 Ne6 38. Bd5 Kf8 39.
Bxe6 fxe6 40. Kf4 h6 41. Ke4 Ke7 42.
Rh1 Kxd7 43. Rxh6 Kd6 44. Kf4 Kd5 45. Rh7 e5+ 46. Kf5 Bb6 47. Rd7+ Kc6 48. Rd1 Bd4 49. g5 Kd5 50. g6 e4 51.
Rxd4+ Kxd4 52. g7 e3 53. g8=Q e2 54. Qg3 a5 55. Qe1 1-0

[Event "Snabb-SM för veteraner, 65+ 2019"]
[Site "Schackcentrum, Vegagatan 20, Gothenburg, Sweden"]
[Date "2019.10.05"]
[Round "2.6"]
[White "Alfven, Jorgen"]
[Black "Nordstrom, Per-Olov"]
[Result "1-0"]
[TimeControl "15 minutes + 10 seconds per move from move one"]
[WhiteFideId "1715950"]
[BlackFideId "1714317"]
[WhiteElo "1791"]
[BlackElo "1940"]

1. d4 Nf6 2. Nf3 c5 3. e3 g6 4. Bd3 Bg7 5.
c3 cxd4 6. cxd4 d5 7. O-O O-O 8. Nc3 Nc6 9. a3 a6 10. b4 b5 11. Bb2 Bb7 12.
Qe2 e6 13. Rac1 Rc8 14. h3 Nd7 15. Nd2 Nb6 16. f4 Nc4 17.
Nf3 f6 18. Rb1 e5 19. dxe5 fxe5 20. Rfd1 exf4 21. Bxc4 bxc4 22. Nxd5 Bxb2 23. Rxb2 fxe3 24. Qxe3 Qe8 25. Qg5 Qf7 26.
Re1 Rcd8 27. Rd2 c3 28. Nxc3 Rxd2 29. Qxd2 Rd8 30. Qe3 Qc4 31. Ng5 h6 32. Ne6 Re8 33. Na4 Nd4 34. Nac5 Bd5 35.
Qg3 Nxe6 36. Qxg6+ Kh8 37. Qxh6+ Kg8 38. Qg6+ Ng7 39. Rxe8# 1-0

[Event "Snabb-SM för veteraner, 65+ 2019"]
[Site "Schackcentrum, Vegagatan 20, Gothenburg, Sweden"]
[Date "2019.10.05"]
[Round "2.7"]
[White "Gustavsson, Sture"]
[Black "Herrman, Jan"]
[Result "0-1"]
[TimeControl "15 minutes + 10 seconds per move from move one"]
[WhiteFideId "1710168"]
[BlackFideId "1731882"]
[WhiteElo "1930"]
[BlackElo "1929"]

1. d4 Nf6 2. Nf3 e6 3.
e3 d5 4.
b3 c5 5.
Bb2 Nc6 6. Bd3 b6 7. O-O Bd6 8. Ne5 Qc7 9. Nxc6 Qxc6 10. Nd2 Qc7 11. f4 Bb7 12. Nf3 cxd4 13. Nxd4 a6 14. c4 dxc4 15.
Bxc4 Bd5 16. Rc1 Qb7 17. Qe2 O-O 18. Bxd5 Qxd5 19. Rfd1 Qe4 20. h3 Nd5 21. Re1 Bb4 22. Qc2 Qxc2 23.
Nxc2 Bxe1 24. Rxe1 Rac8 25. Re2 Nc3 26. Rd2 Nxa2 27. Ba3 Rfd8 28. Nd4 Nc3 29. Bb2 Ne4 30. Re2 b5 31. g4 b4 32. Kg2 Nc3 33. Rd2 Nb5 34. Kf3 Nxd4+ 35. Bxd4 Rc1 36.
Ra2 Rb1 37. Rxa6 Rxb3 38. g5 h6 39. h4 Rxd4 40. g6 fxg6 41. Rxe6 Rdd3 42. Kf2 Kf7 43. Re5 Kf6 44. Ke2 Rxe3+ 45. Rxe3 Rxe3+ 46. Kxe3 Kf5 0-1

[Event "Snabb-SM för veteraner, 65+ 2019"]
[Site "Schackcentrum, Vegagatan 20, Gothenburg, Sweden"]
[Date "2019.10.05"]
[Round "2.8"]
[White "Westerlind, Sture"]
[Black "Bohlin, Jan"]
[Result "0-1"]
[TimeControl "15 minutes + 10 seconds per move from move one"]
[WhiteFideId "1745654"]
[BlackFideId "1758616"]
[WhiteElo "1806"]
[BlackElo "1794"]

1. d4 Nf6 2. Bf4 d5 3. Nf3 c5 4.
e3 Nc6 5. Be2 Bf5 6. c3 e6 7. O-O Qb6 8. Qb3 Be7 9. Nbd2 O-O 10. Ne5 c4 11. Qxb6 axb6 12. b4 b5 13. f3 Ra3 14.
g4 Bg6 15. h4 Nxe5 16. dxe5 Nd7 17. Rfc1 h6 18. h5 Bh7 19. e4 dxe4 20. fxe4 Rfa8 21. Rc2 f6 22. exf6 Nxf6 23. Bf3 Nd5 24.
Be5 Bf6 25. Bxf6 Nxf6 26. Rb2 Rxc3 27. Re1 e5 28. Kg2 Kf8 29. Nb1 Rd3 30. Ree2 Rad8 31. Rbc2 Ne8 32. Nc3 Nd6 33. a4 bxa4 34.
Nxa4 Rb3 35. Nc5 Rxb4 36. Ne6+ Ke7 37. Nxd8 Kxd8 38. Red2 Kc7 39. Rd5 Nxe4 40. Rxe5 Ng5 41. Re7+ Kd6 42.
Rce2 Nxf3 43. Kxf3 Bd3 44. R2e6+ Kd5 45. Re5+ Kd4 46. Ra5 c3 47. Rxg7 c2 48. Rd7+ Kc3 49. Ra3+ Kb2 50. Raxd3 c1=Q 51.
Rd2+ Kb3 52. R7d3+ Ka4 53. Ra2+ Kb5 54. Rad2 Qh1+ 55. Kg3 Rb1 56. Rd5+ Ka6 57. Rd6+ Ka7 58. R6d3 Rg1+ 59. Kf4 Rf1+ 60. Ke5 Re1+ 61. Kf6 Qc6+ 62.
Rd6 Qf3+ 63. Kg7 Qxg4 64. Kxh6 Re6+ 65. Rxe6 Qxe6+ 66. Kg5 Qe5+ 67. Kg6 Qg3+ 68.
Kf5 Qf3+ 69. Kg6 b5 70. h6 Qg4+ 71. Kh7 b4 72. Kh8 Qg6 73. Rd8 Qf6+ 74. Rd7+ 0-1

[Event "Snabb-SM för veteraner, 65+ 2019"]
[Site "Schackcentrum, Vegagatan 20, Gothenburg, Sweden"]
[Date "2019.10.05"]
[Round "2.9"]
[White "Nilsson, Weine"]
[Black "Przysuski, Feliks"]
[Result "1/2-1/2"]
[TimeControl "15 minutes + 10 seconds per move from move one"]
[WhiteFideId "1716727"]
[BlackFideId "1712489"]
[WhiteElo "1847"]
[BlackElo "2008"]

1. Nf3 Nf6 2. g3 c5 3. Bg2 g6 4. O-O Bg7 5. d4 cxd4 6. Nxd4 O-O 7. e4 d6 8. h3 Nbd7 9. c4 a6 10.
Nc3 Qc7 11. b3 Rb8 12. Bb2 b6 13. Kh2 Bb7 14. Rc1 Nc5 15. Nd5 Qd8 16. Qe2 e6 17. Nc3 Qd7 18. Rcd1 e5 19. Nc2 Rbc8 20.
Rd2 Bh6 21. Rdd1 Qe7 22. Bc1 Bxc1 23. Rxc1 Ne6 24. Rcd1 Rfd8 25. Rd2 b5 26. Nd5 Bxd5 27. exd5 Nc5 28. cxb5 axb5 29. Nb4 Qb7 30.
h4 Re8 31. Bh3 Ra8 32. f3 Kg7 33. Qe3 Qb6 34. g4 h6 35. Rg1 Nh7 36. g5 h5 37. Re1 Qc7 38. Qe2 Rf8 39. Qxb5 Rab8 40.
Qc4 f6 41. gxf6+ Rxf6 42. Rf2 Rf4 43. Re4 Rbf8 44. Nd3 Rxe4 45. fxe4 Rxf2+ 46. Nxf2 Qf7 47. Qe2 Qf4+ 48. Kg1 Qxh4 49.
b4 Qg3+ 50. Kf1 Ng5 51. Bg2 h4 52. bxc5 h3 53. Nxh3 Nxh3 54. c6 Qf4+ 55. Ke1 Qc1+ 56. Qd1 Qe3+ 57. Qe2 Qc1+ 58. Qd1 Qe3+ 59. Qe2 1/2-1/2

[Event "Snabb-SM för veteraner, 65+ 2019"]
[Site "Schackcentrum, Vegagatan 20, Gothenburg, Sweden"]
[Date "2019.10.05"]
[Round "3.1"]
[White "Dolata, Henryk"]
[Black "Stroem, Leif"]
[Result "0-1"]
[TimeControl "15 minutes + 10 seconds per move from move one"]
[WhiteFideId "1709046"]
[BlackFideId "1709410"]
[WhiteElo "2064"]
[BlackElo "2014"]

1. e4 g6 2. d4 Bg7 3.
Nc3 d6 4. Be2 a6 5. a4 Nd7 6. Be3 Ngf6 7. h4 b6 8. Nh3 Bb7 9. f3 e5 10. Qd2 Nh5 11. Bf2 exd4 12. Bxd4 Bxd4 13.
Qxd4 Qxh4+ 14. Nf2 Qf6 15. Qd2 Ng3 16. Rh3 Nxe2 17. Qxe2 O-O-O 18. Nd3 Qd4 19. O-O-O Nc5 20. Nxc5 Qxc5 21.
Rdh1 h5 22. g4 Qe5 23. gxh5 Rxh5 24. Rxh5 gxh5 25. Qe3 Rh8 26. f4 Qc5 27. Qxc5 bxc5 28. Rh4 Kd8 29. Kd2 Ke7 30. Ke3 f5 31. exf5 Kf6 32. Ne2 Kxf5 33. Ng3+ Kg6 34. a5 d5 35. c3 c6 36. b4 cxb4 37. cxb4 Bc8 38. Kd4 Bg4 39. Kc5 Rb8 40. Kxc6 Rxb4 41. Kxd5 Rxf4 42. Kc5 Kg5 43. Rh1 h4 44. Nf1 Be2 45.
Ne3 Rf3 46. Kd4 Rf4+ 47. Ke5 Ra4 48. Rg1 Bg4 49. Kd6 h3 50. Kc7 Re4 51. Nd5 Re5 52. Kd6 h2 53. Rh1 Rxd5+ 0-1

[Event "Snabb-SM för veteraner, 65+ 2019"]
[Site "Schackcentrum, Vegagatan 20, Gothenburg, Sweden"]
[Date "2019.10.05"]
[Round "3.2"]
[White "Wahlstrom, Lennart"]
[Black "Fransson, Lennart"]
[Result "1-0"]
[TimeControl "15 minutes + 10 seconds per move from move one"]
[WhiteFideId "1706829"]
[BlackFideId "1706756"]
[WhiteElo "2109"]
[BlackElo "1983"]

1. e4 c6 2. d4 d5 3. exd5 cxd5 4. c4 e6 5. Nc3 Nf6 6. Nf3 Be7 7. Bd3 O-O 8. O-O Nc6 9. c5 b6 10.
Bb5 Bb7 11. Bxc6 Bxc6 12. b4 bxc5 13. bxc5 Ne4 14. Qc2 Bf6 15. Bf4 g5 16. Be5 Be7 17. Rfe1 f6 18. Bg3 g4 19. Nd2 f5 20.
Be5 Bf6 21. Ndxe4 Bxe5 22. dxe5 fxe4 23. Qd2 Qh4 24. Qe2 Rf5 25. g3 Qh3 26. Qf1 Qxf1+ 27. Rxf1 Rxe5 28. Rab1 d4 29. Ne2 Rd8 30. Nf4 Kf7 31. Rbc1 d3 32.
Rfd1 Rg5 33. Ng2 Rgd5 34. Ne3 Rd4 35.
Nxg4 Bd5 36. Rd2 Ke7 37. Rc3 h5 38. Ne3 Bc6 39. Nc4 R8d5 40. Na5 Bd7 41. Nb7 Rb4 42. Nd6 Rb1+ 43. Kg2 Bc6 44. Nxe4 Re1 45. f3 Rd4 46.
Kf2 Rh1 47. Ke3 Re1+ 48. Kxd4 1-0

[Event "Snabb-SM för veteraner, 65+ 2019"]
[Site "Schackcentrum, Vegagatan 20, Gothenburg, Sweden"]
[Date "2019.10.05"]
[Round "3.3"]
[White "Herrman, Jan"]
[Black "Andersson, Kaj"]
[Result "0-1"]
[TimeControl "15 minutes + 10 seconds per move from move one"]
[WhiteFideId "1731882"]
[BlackFideId "1709860"]
[WhiteElo "1929"]
[BlackElo "2083"]

1. d4 d5 2. Nf3 Nf6 3. Bf4 e6 4. e3 Bd6 5. Bxd6 Qxd6 6. Nbd2 O-O 7. c4 Nbd7 8. Bd3 h6 9. O-O a6 10.
Rc1 c6 11. Qc2 Re8 12. Rfe1 e5 13. dxe5 Nxe5 14. Nxe5 Qxe5 15. Nf3 Qh5 16. Be2 Bf5 17. Nd4 Bxc2 18. Bxh5 Bd3 19. Be2 dxc4 20.
Bxd3 cxd3 21. Red1 Rad8 22. Rxd3 Re5 23. Rb3 Rd7 24. h3 Red5 25. Rbc3 Ne4 26. R3c2 Kf8 27. f3 Nf6 28. Kf2 g6 29.
Nb3 h5 30. e4 Re5 31. Nc5 Rc7 32. Rd2 Ree7 33. Rcd1 Kg7 34. Rd6 Re5 35. Nb3 g5 36. Nc1 Rc5 37. Nb3 Rc2+ 38. R6d2 Rxd2+ 39. Rxd2 Nd7 40. Ke3 Kf6 41.
g3 Ne5 42. Rd6+ Kg7 43. Nd2 b5 44. f4 gxf4+ 45. gxf4 Ng6 46. Nb3 Ne7 47. Nc5 a5 48. f5 Nc8 49. Rd7 Rxd7 50. Nxd7 Nd6 51. b3 Kh6 52. Kf4 Kg7 53.
e5 Ne8 54. Kg5 Nc7 55. Kxh5 Nd5 56. Kg5 Nc3 57. h4 Nxa2 58. h5 Nc3 59. h6+ Kh7 60. Nf8+ Kh8 61. Kf6 a4 62. bxa4 bxa4 63.
e6 fxe6 64. fxe6 a3 65. Ng6+ Kh7 66. e7 Nd5+ 67. Ke5 Nxe7 0-1